cohdb
Replays
Latest Replays
All Replays
Popular Replays
Top Player Replays
Match Explorer
How It Works
Community
CoH3 Stats
Reddit
Sign in to upload your games and track your stats! →
Sign in with Steam
Match 40945688
Unlisted
Match 40945688
Overview
Messages
Build Orders
End
Vickers Machine Gun Team
Royal Engineer Section
Construct Section Command Post
Infantry Section
Construct Platoon Command Post
Unlock M3 Stuart Light Tanks
Selects Indian Artillery Battlegroup
Selects Valour
M3 Stuart Light Tank
Construct Field Infirmary
6-pounder Anti-tank Gun Team
Selects Gurkha Rifles Section
Gurkha Rifles Section
Grenade Package
Selects Artillery Saturation
Gurkha Rifles Section
M3 Stuart Light Tank
Selects Off-map Airburst Barrage
Selects BL5.5 Artillery Emplacement
Construct Company Command Post
Off-map Airburst Barrage
Selects Volunteer Infantry
Royal Engineer Section
setana
JIN
CPU - VERY EASY
Bittersteel
VAMP
henjiong89
0
0
Comments
sign in to comment!
No comments posted yet!